 Dungeon Crawl Stone Soup version 0.31-a0-806-g0bc164a743 (webtiles) character file.

Game seed: 15580646306634073686

49 Eddy the Grave Robber (level 3, -2/24 HPs)
             Began as a Demonspawn Necromancer on Sept 21, 2023.
             Slain by a gnoll
             ... wielding a +0 halberd
              (15 damage)
             ... on level 2 of the Dungeon.
             The game lasted 00:01:35 (1022 turns).

Eddy the Grave Robber (Demonspawn Necromancer)      Turns: 1022, Time: 00:01:36

Health: -2/24      AC:  2    Str:  8    XL:     3   Next: 51%
Magic:  0/6        EV: 12    Int: 18    God:
Gold:   39         SH:  0    Dex: 13    Spells: 6/7 levels left

rFire   . . .        (no weapon)
rCold   . . .        (no shield)
rNeg    . . .        a - +0 robe
rPois   .            (no helmet)
rElec   .            (no cloak)
rCorr   .            (no gloves)
SInv    .            (no boots)
Will    .....        (no amulet)
Stlth   ++           (no ring)
HPRegen 0.24/turn    (no ring)
MPRegen 0.10/turn

%: no passive effects
@: no status effects
A: demonic magic 1
a: no special abilities


You were on level 2 of the Dungeon.
You visited 1 branch of the dungeon, and saw 2 of its levels.

You collected 39 gold pieces.

Inventory:

Armour
 a - a +0 robe (worn)
Potions
 b - a potion of magic
 c - a potion of heal wounds {unknown}
 d - a potion of ambrosia {unknown}


   Skills:
 + Level 1.8 Dodging
 + Level 1.9 Stealth
 + Level 2.6 Spellcasting
 + Level 5.3 Necromancy


You had 6 spell levels left.
You knew the following spells:

 Your Spells              Type           Power      Damage    Failure   Level
a - Necrotise             Necr           84%        1d8       1%          1

Your spell library contained the following spells:

 Spells                   Type           Power      Damage    Failure   Level
 Vampiric Draining        Necr           21%        2d7       6%          3
 Animate Dead             Necr           21%        N/A       19%         4
 Agony                    Necr           21%        N/A       47%         5


Dungeon Overview and Level Annotations

Branches:
Dungeon (2/15)

Altars:


Innate Abilities, Weirdness & Mutations

Spells you cast may paralyse adjacent enemies.


Message History

The gnoll hits you from afar with a +0 spear!
The gnoll writhes in agony.
You kill the gnoll!
Malevolent energies surge around you.
The dead are walking!
The gnoll hits your gnoll skeleton with a +0 club!
The gnoll writhes in agony.
Malevolent energies surge around you.
The gnoll hits your gnoll skeleton with a +0 club!
Your gnoll skeleton is destroyed!
The gnoll writhes in agony.
Malevolent energies surge around you. The gnoll barely misses you.
The gnoll writhes in agony.
You kill the gnoll!
Malevolent energies surge around you.
The dead are walking!
The gnoll barely misses you.
You are out of magic!
You are out of magic!
You swap places.
Your gnoll skeleton hits the gnoll.
The gnoll hits your gnoll skeleton with a +0 halberd.
Your gnoll skeleton closely misses the gnoll.
The gnoll hits you from afar with a +0 halberd!
Your gnoll skeleton hits the gnoll.
The gnoll hits your gnoll skeleton with a +0 club!
The gnoll hits your gnoll skeleton with a +0 halberd.
Your gnoll skeleton is destroyed!
You are too injured to fight recklessly!
You are too injured to fight recklessly!
You are too injured to fight recklessly!
Casting: Necrotise (safe; 1% risk of failure)
Confirm with . or Enter, or press ? or * to list all spells.
Aiming: Necrotise (safe; 1% risk of failure)
Press: ? - help, Shift-Dir - straight line, f - gnoll
Aim: a gnoll, wielding a +0 halberd (heavily wounded, chance to affect: 85%)
The gnoll writhes in agony.
Malevolent energies surge around you. The gnoll closely misses you.
You barely miss the gnoll.
The gnoll is almost dead.
The gnoll hits you with a +0 halberd!
Ouch! That really hurt!
You die...

#...#...##.#
###........#.####
...........#....#
##...........#.#
#.#.##.....##.# #
#.###.......#
#....<....#.#
#.###########..#.)..#####
.....))gg@..#..........#
.....#..###.#..#.....#.#
... #..# #....#....##.###
. #..####..............
#.................##.
##.###..##...........
..#...####.####..#..
....## #.# #..... #....
#.# #....


You could see 2 gnolls.

Vanquished Creatures
  2 gnolls (D:2)
  4 ball pythons
  5 bats
  3 endoplasms
  A giant cockroach (D:1)
  A goblin (D:1)
  A hobgoblin (D:1)
  A quokka (D:2)
  A frilled lizard (D:1)
  4 kobolds (D:1)
  2 rats (D:1)
25 creatures vanquished.

Vanquished Creatures (collateral kills)
  A goblin (D:2)
1 creature vanquished.

Grand Total: 26 creatures vanquished

Notes
Turn   | Place    | Note
-------+----------+-------------------------------------------
     0 | D:1      | Eddy the Demonspawn Necromancer began the quest for the
                  | Orb.
     0 | D:1      | Reached XP level 1. HP: 13/13 MP: 3/3
   251 | D:1      | Gained mutation: Spells you cast may paralyse adjacent
                  | enemies. [demonic ancestry]
   251 | D:1      | Reached XP level 2. HP: 19/19 MP: 3/5
   592 | D:1      | Reached skill level 5 in Necromancy
   930 | D:2      | Reached XP level 3. HP: 8/24 MP: 1/6
  1022 | D:2      | Slain by a gnoll

Illustrated notes

Levels and vault maps discovered:
D:1:      dpeg_arrival_long_road, layout_rooms
D:2:      layout_basic, basic_altar, serial_park_tiny_2

Skill      XL: |  1  2 |
---------------+-------+-----
Necromancy     | 5 |  5.3
Dodging        | |  1.8
Stealth        | |  1.9
Spellcasting   | |  2.6

Action                     || total
---------------------------++-------
  Melee: Unarmed           ||     2
   Cast: Necrotise         ||    46
   Stab: Paralysed         ||     1
 Armour: Robe              ||     7
  Dodge: Dodged            ||    11

Table legend: (Time is in decaauts)
 A = Elapsed time spent in this place.
 B = Non-inter-level travel time spent in this place.
 C = Inter-level travel time spent in this place.
 D = Time resting spent in this place.
 E = Time spent auto-exploring this place.
 F = Levels seen in this place.
 G = Mean time per level.
                   A        B        C        D        E       F      G
               +--------+--------+--------+--------+--------+-----+--------+
         Total |   1021 |    995 |     26 |      0 |    872 |   2 |  510.5 |
       Dungeon |   1021 |    995 |     26 |      0 |    872 |   2 |  510.5 |
               +--------+--------+--------+--------+--------+-----+--------+

Top non-repeatable levels by time:
     D:1: 828 daAuts
     D:2: 193 daAuts
